 Dungeon Crawl Stone Soup version 0.31-a0-1327-g8c40ea976f (webtiles) character file.

Game seed: 12913111110688576546

25923 Querens the Blocker (level 13, -1/107 (109) HPs)
             Began as a Formicid Fighter on Dec 18, 2023.
             Was a High Priest of Makhleb.
             Killed by divine providence
             ... invoked by Saint Roka
              (15 damage)
             ... on level 2 of the Orcish Mines on Dec 21, 2023.
             The game lasted 00:44:43 (8552 turns).

Querens the Blocker (Formicid Fighter)              Turns: 8552, Time: 00:44:43

HP:   -1/107 (109)  AC: 27    Str: 30    XL:     13   Next: 54%
MP:   13/13         EV:  7    Int: 10    God:    Makhleb [*****.]
Gold: 1176          SH: 23    Dex: 13    Spells: 12/12 levels left

rFire   . . .        y - +2 battleaxe (elec)
rCold   . . .        g - +0 tower shield
rNeg    . . .        E - +1 plate armour {rPois}
rPois   +            (helmet unavailable)
rElec   +            H - +2 cloak {rPois}
rCorr   .            t - +0 pair of gloves
SInv    +            r - +0 pair of boots
Will    ++...        z - amulet of reflection Stlth
                     C - +4 ring of protection
HPRegen 0.37/turn    p - ring "Boodung" {rElec Will+ Str+6}
MPRegen 0.13/turn

%: reflection
@: mighty, lightly drained
A: permanent stasis, dig shafts and tunnels, antennae 3, four strong arms
a: Dig, Shaft Self, Renounce Religion, Minor Destruction, Lesser Servant of
Makhleb, Major Destruction, Greater Servant of Makhleb


You were on level 2 of the Orcish Mines.
You worshipped Makhleb.
Makhleb was extremely pleased with you.
You visited 3 branches of the dungeon, and saw 15 of its levels.
You also visited: Ossuary.

You collected 1176 gold pieces.

Inventory:

Hand Weapons
 a - a +0 war axe
 y - a +2 battleaxe of electrocution (weapon)
 N - a +2 scimitar of flaming
Missiles
 b - 3 curare-tipped darts
Armour
 g - a +0 tower shield (worn)
 m - a +0 ring mail of cold resistance
 r - a +0 pair of boots (worn)
 t - a +0 pair of gloves (worn)
 E - a +1 plate armour of poison resistance (worn)
 H - a +2 cloak of poison resistance (worn)
Jewellery
 n - a ring of wizardry
 p - the ring "Boodung" (right hand) {rElec Will+ Str+6}
   (You found it on level 12 of the Dungeon)

   [ring of strength]

   Str+6:     It affects your strength (+6).
   rElec:     It insulates you from electricity.
   Will+:     It increases your willpower.
 z - an amulet of reflection (around neck)
 B - a ring of flight
 C - a +4 ring of protection (left hand)
 G - a ring of fire
 P - a +6 ring of intelligence
Wands
 J - a wand of polymorph (12)
 K - a wand of flame (35)
 O - a wand of digging (5)
 Q - a wand of iceblast (5)
Scrolls
 c - 6 scrolls of enchant weapon
 e - a scroll of acquirement {unknown}
 f - a scroll of torment {unknown}
 h - a scroll of fog {unknown}
 i - 6 scrolls of fear
 o - 2 scrolls of poison {unknown}
 q - a scroll of silence {unknown}
 s - 2 scrolls of noise
 w - 2 scrolls of enchant armour
 A - 2 scrolls of revelation {unknown}
 D - a scroll of summoning {unknown}
 F - 2 scrolls of amnesia {unknown}
 L - a scroll of brand weapon {unknown}
 M - 2 scrolls of blinking {unknown}
Potions
 j - a potion of lignification
 k - 2 potions of cancellation
 l - 4 potions of brilliance
 u - a potion of ambrosia
 v - 2 potions of attraction
 x - 3 potions of mutation
 R - 2 potions of curing


   Skills:
 + Level 12.6 Fighting
 + Level 11.3 Axes
 + Level 12.6 Armour
 + Level 14.8 Shields


You had 12 spell levels left.
You didn't know any spells.
Your spell library contained the following spells:

 Spells                   Type           Power      Damage    Failure   Level
 Sting                    Conj/Alch      0%         1d3       99%         1
 Cigotuvi's Dreadful Rot  Necr/Alch/Air  0%         N/A       100%        2
 Mercury Vapours          Alch/Air       0%         N/A       100%        2
 Static Discharge         Conj/Air       0%         3-3/arc   100%        2
 Hailstorm                Conj/Ice       0%         3d5       100%        3
 Airstrike                Air            0%         2d(0-16)  100%        4
 Ignite Poison            Fire/Alch      0%         N/A       100%        4
 Olgreb's Toxic Radiance  Alch           0%         N/A       100%        4
 Summon Ice Beast         Ice/Summ       0%         N/A       100%        4
 Summon Lightning Spire   Summ/Air       0%         N/A       100%        4
 Freezing Cloud           Conj/Ice/Air   0%         6-21      100%        5
 Simulacrum               Ice/Necr       0%         N/A       100%        6


Dungeon Overview and Level Annotations

Branches:
Dungeon (12/15)            Temple (1/1) D:6            Lair (0/5) D:10
    Orc (2/2) D:12        Ossuary (visited)
    Elf: Orc:2

Altars:
Ashenzari
Cheibriados
Dithmenos
Elyvilon
Fedhas
Gozag
Hepliaklqana
Kikubaaqudgha
Makhleb
Nemelex Xobeh
Okawaru
Qazlal
Ru
Sif Muna
Trog
Uskayaw
Vehumet
Wu Jian
Xom
Yredelemnul
Zin
The Shining One

Shops:
D:8 [   Orc:1 [

Annotations:
D:4 3 runed translucent doors, paps's ghost, amateur OpSh
Temple 2 transporters
Orc:2 Saint Roka


Innate Abilities, Weirdness & Mutations

You cannot be hasted, slowed, berserked, paralysed or teleported.
You can dig through walls and to a lower floor.
You have a pair of large antennae on your head. (SInv)
Your four strong arms can wield two-handed weapons with a shield.


Message History

* * * LOW HITPOINT WARNING * * *
Saint Roka calls out, "Only Beogh rules here!"
Saint Roka hits you but does no damage.
Unknown command.
You hit Saint Roka but do no damage.
Saint Roka is heavily wounded.
Saint Roka calls down the wrath of Beogh upon you.
Beogh smites you!
* * * LOW HITPOINT WARNING * * *
Unknown command.
Unknown command.
You hit Saint Roka. Lightning courses through Saint Roka!
Saint Roka is severely wounded.
You block Saint Roka's attack.
Unknown command.
Unknown command.
You hit Saint Roka.
Saint Roka is severely wounded.
Saint Roka completely misses you.
Unknown command.
Unknown command.
You hit Saint Roka.
Saint Roka is severely wounded.
You block Saint Roka's attack.
Unknown command.
Unknown command.
You barely miss Saint Roka.
Saint Roka is severely wounded.
Saint Roka mumbles some strange prayers to Beogh against you.
Beogh smites you!
* * * LOW HITPOINT WARNING * * *
You block Saint Roka's attack.
Unknown command.
Unknown command.
You hit Saint Roka.
Saint Roka is severely wounded.
Saint Roka mumbles some strange prayers to Beogh against you.
Beogh smites you!
You die...
Saint Roka roars, "Praise to Beogh!"

#..........#
#......##......#
##.(.....##......
###..(.##.## ...###
#.......### .....#
#.....##...(##.....#
....###.........#.##
#... #))o......###
#.. ##@(......# ..
#.$......#
#.....#.$..#
.........#....#
..........# #..#
...$.....#.#
..#.........
...........#.
.....#.......


You could see Saint Roka.

Vanquished Creatures
  Snorg (D:10)
  Erica (D:9)
  10 two-headed ogres
  Nergalle (D:12)
  Amaemon (D:11)
  A sixfirhy (D:11)
  An orc knight (Orc:1)
  2 cyclopes
  A manticore (D:11)
  2 orc sorcerers (Orc:1)
  Maurice (D:7)
  2 kobold blastminers
  A smoke demon (D:12)
  A gargoyle (D:12)
  An orange demon (D:11)
  A komodo dragon (D:10)
  Psyche (D:10)
  A troll (Orc:1)
  2 shadows
  A slime creature (D:12)
  2 wraiths
  7 yaks
  A wyvern (D:10)
  3 steam dragons
  A warg (Orc:1)
  Grum (D:10)
  7 vampire mosquitoes
  3 acid dragons
  17 orc warriors
  Duvessa (D:5)
  An ice beast (D:5)
  3 sky beasts (D:6)
  A black bear (D:6)
  14 ogres
  3 wolves (D:10)
  13 centaurs
  2 bullfrogs (D:6)
  An elf zombie (Ossuary)
  4 kobold brigands
  A gnoll sergeant (D:6)
  6 scorpions
  13 wights
  Dowan (D:5)
  6 killer bees (D:9)
  6 howler monkeys
  2 centaur zombies (Ossuary)
  3 hounds
  A human zombie (Ossuary)
  3 jellies
  9 orc priests
  6 sleepcaps
  Jessica (D:2)
  4 iguanas
  12 orc wizards
  2 mummies (Ossuary)
  6 adders
  2 white imps
  2 ufetubi (D:5)
  2 adder zombies (Ossuary)
  A worm (D:3)
  4 dart slugs
  70 orcs
  8 ball pythons
  4 bats
  5 endoplasms
  3 giant cockroaches
  10 goblins
  6 hobgoblins
  7 jackals (D:1)
  24 kobolds
  2 quokkas (D:1)
  5 frilled lizards
  A goblin zombie (Ossuary)
  8 hobgoblin zombies (Ossuary)
  A jackal zombie (Ossuary)
  11 kobold zombies (Ossuary)
  10 orc zombies (Ossuary)
  4 rats (D:3)
390 creatures vanquished.

Vanquished Creatures (others)
  Erolcha (D:9)
  Sonja (D:10)
  3 ogres (D:9)
5 creatures vanquished.

Grand Total: 395 creatures vanquished

Notes
Turn   | Place    | Note
-------+----------+-------------------------------------------
     0 | D:1      | Querens the Formicid Fighter began the quest for the Orb.
     0 | D:1      | Reached XP level 1. HP: 18/18 MP: 1/1
    79 | D:1      | Reached XP level 2. HP: 24/24 MP: 2/2
   327 | D:1      | Reached XP level 3. HP: 29/29 MP: 3/3
   795 | D:2      | Noticed Jessica
   801 | D:2      | Killed Jessica
   802 | D:2      | Reached XP level 4. HP: 28/37 MP: 4/4
  1305 | D:3      | Noticed an ogre
  1313 | D:3      | Killed an ogre
  1314 | D:3      | Reached skill level 5 in Shields
  1314 | D:3      | Reached XP level 5. HP: 38/42 MP: 5/5
  1458 | D:3      | Reached XP level 6. HP: 44/49 MP: 6/6
  1947 | D:3      | Reached XP level 7. HP: 50/55 MP: 7/7
  1949 | D:3      | Reached skill level 6 in Shields
  2094 | D:4      | Reached skill level 5 in Fighting
  2118 | D:4      | Found an opulent altar of Gozag.
  2119 | D:4      | Found a runed translucent gate.
  2119 | D:4      | Found a runed translucent gate.
  2119 | D:4      | Found a runed translucent gate.
  2121 | D:4      | Noticed paps's ghost (amateur OpSh)
  2335 | D:4      | Reached skill level 5 in Armour
  2412 | D:4      | Found an iron altar of Okawaru.
  2426 | D:4      | Found a hide-covered altar of Uskayaw.
  2430 | D:4      | Upgraded the game from 0.31-a0-1291-g5386780bc2 to
                  | 0.31-a0-1327-g8c40ea976f
  2449 | D:5      | Entered Level 5 of the Dungeon
  2877 | D:5      | Reached XP level 8. HP: 55/63 MP: 8/8
  3005 | D:5      | Reached skill level 7 in Shields
  3101 | D:5      | Reached skill level 5 in Axes
  3158 | D:5      | Noticed Dowan
  3158 | D:5      | Noticed Duvessa
  3181 | D:5      | Killed Duvessa
  3181 | D:5      | Killed Dowan
  3324 | D:6      | Reached skill level 8 in Shields
  3324 | D:6      | Reached XP level 9. HP: 60/71 MP: 9/9
  3588 | D:6      | Found a staircase to the Ecumenical Temple.
  3607 | Temple   | Found a transporter.
  3607 | Temple   | Found a transporter.
  3607 | Temple   | Found a transporter.
  3607 | Temple   | Found a transporter.
  3607 | Temple   | Entered the Ecumenical Temple
  3621 | Temple   | Became a worshipper of Makhleb the Destroyer
  3787 | D:6      | Reached skill level 9 in Shields
  4039 | D:7      | Reached XP level 10. HP: 80/80 MP: 10/10
  4202 | D:7      | Found a sand-covered staircase.
  4213 | Ossuary  | Entered an ossuary
  4227 | Ossuary  | Reached * piety under Makhleb
  4335 | Ossuary  | Reached ** piety under Makhleb
  4493 | D:7      | Noticed Maurice
  4510 | D:7      | Killed Maurice
  4511 | D:7      | Reached skill level 10 in Shields
  4658 | D:8      | Found Byxynill's Specialty Armours.
  4951 | D:8      | Noticed a two-headed ogre
  4968 | D:8      | Killed a two-headed ogre
  5512 | D:9      | Reached *** piety under Makhleb
  5513 | D:9      | Reached skill level 11 in Shields
  5513 | D:9      | Reached XP level 11. HP: 73/89 MP: 11/11
  5557 | D:9      | Noticed a two-headed ogre
  5557 | D:9      | Noticed a two-headed ogre
  5559 | D:9      | Noticed a two-headed ogre
  5564 | D:9      | Killed a two-headed ogre
  5566 | D:9      | Killed a two-headed ogre
  5569 | D:9      | Killed a two-headed ogre
  5574 | D:9      | Reached skill level 10 in Fighting
  5579 | D:9      | Reached skill level 10 in Armour
  5591 | D:9      | Noticed a two-headed ogre
  5592 | D:9      | Noticed a two-headed ogre
  5592 | D:9      | Noticed a two-headed ogre
  5593 | D:9      | Noticed Erolcha
  5601 | D:9      | Killed a two-headed ogre
  5602 | D:9      | Reached skill level 12 in Shields
  5611 | D:9      | Killed a two-headed ogre
  5617 | D:9      | Killed a two-headed ogre
  5617 | D:9      | Killed Erolcha
  5741 | D:9      | Noticed Erica
  5754 | D:9      | Killed Erica
  5755 | D:9      | Reached XP level 12. HP: 94/99 MP: 12/12
  6093 | D:10     | Entered Level 10 of the Dungeon
  6124 | D:10     | Noticed Snorg
  6163 | D:10     | Killed Snorg
  6326 | D:10     | Noticed Sonja
  6332 | D:10     | Killed Sonja
  6403 | D:10     | Noticed Psyche
  6408 | D:10     | Killed Psyche
  6544 | D:10     | Noticed Grum
  6585 | D:10     | Killed Grum
  6586 | D:10     | Reached skill level 13 in Shields
  6677 | D:10     | Found a sparkling altar of Nemelex Xobeh.
  6732 | D:10     | Found a staircase to the Lair.
  6760 | D:10     | Reached skill level 10 in Axes
  6857 | D:11     | Noticed Amaemon
  6932 | D:11     | Noticed a two-headed ogre
  6957 | D:10     | Reached **** piety under Makhleb
  7213 | D:11     | Killed Amaemon
  7219 | D:11     | Killed a two-headed ogre
  7300 | D:11     | Noticed a two-headed ogre
  7313 | D:11     | Killed a two-headed ogre
  7427 | D:12     | Reached XP level 13. HP: 81/107 MP: 13/13
  7492 | D:12     | Noticed Nergalle
  7507 | D:12     | Killed Nergalle
  7508 | D:12     | Reached skill level 14 in Shields
  7514 | D:12     | Identified the ring "Boodung" {rElec Will+ Str+6}
  7701 | D:12     | HP: 5/108 [burnt (10)]
  7705 | D:11     | HP: 2/108 [burnt (10)]
  7980 | D:12     | Found a staircase to the Orcish Mines.
  7985 | Orc:1    | Entered Level 1 of the Orcish Mines
  7997 | Orc:1    | Reached ***** piety under Makhleb
  8268 | Orc:2    | Entered Level 2 of the Orcish Mines
  8300 | Orc:2    | Noticed Saint Roka
  8324 | Orc:1    | Found Odghacia's Armour Shop.
  8552 | Orc:2    | Killed from afar by Saint Roka

Illustrated notes

Levels and vault maps discovered:
D:1:      lemuel_arrival_river_ford, layout_basic, corexii_leaking_fountain,
          hex_intersection
D:2:      layout_basic, uniq_jessica
D:3:      minmay_razor_zed, layout_basic, minmay_misc_feat_nine_boxes
D:4:      layout_rooms, mainiacjoe_overflow_big_doors, ebering_ghost_gozag
D:5:      minmay_chambers_of_fours, layout_basic, uniq_duvessa
D:6:      minmay_diamond_boxcup, layout_loops_ring, minmay_temple_entry_junction
D:7:      layout_rooms, nicolae_ossuary_entry_monument, lightli_minifort,
          uniq_maurice
D:8:      layout_loops_ring, nicolae_barding_shop
D:9:      lemuel_ogre_cave, layout_long_grid, uniq_erica
D:10:     layout_roguey, nemelex_altar_shiori, david_lair_shrubbed, uniq_snorg,
          uniq_grum, uniq_sonja, uniq_psyche
D:11:     layout_basic, solitary_fountain, uniq_amaemon
D:12:     layout_basic, hiddenorc1_lemuel, st_stairs_9,
          nicolae_demonic_statue_gallery, uniq_rupert, uniq_nergalle
Temple:   hellmonk_temple_divided_pantheon
Orc:1:    layout_diamond_mine, serial_shops, shop
Orc:2:    st_orc_rangers, layout_diamond_mine, bloody_makhleb, uniq_saint_roka

Skill      XL: |  1  2  3  4  5  6  7  8  9 10 11 12 13 |
---------------+----------------------------------------+-----
Fighting       | 4 5 6 7 9 10 11 12 | 12.6
Axes           | 3 4 5 6 8 9 10 11 | 11.3
Armour         | 4 5 6 7 9 10 11 12 | 12.6
Shields        | 5 6 8 9 11 12 13 14 | 14.8

Action                     |  1- 3 |  4- 6 |  7- 9 | 10-12 | 13-15 || total
---------------------------+-------+-------+-------+-------+-------++-------
  Melee: War axe           |    66 |   120 |   306 |   601 |   106 ||  1199
         Battleaxe         |       |       |       |       |    69 ||    69
  Throw: Dart              |       |       |       |    22 |    11 ||    33
Ability: Dig               |       |     1 |     2 |     2 |     1 ||     6
  Evoke: Wand              |       |       |     4 |    44 |       ||    48
    Use: Scroll            |       |       |     9 |     6 |       ||    15
         Potion            |       |       |       |     6 |     4 ||    10
   Stab: Invisible         |       |       |       |     9 |       ||     9
 Armour: Scale mail        |    43 |    52 |    10 |       |       ||   105
         Chain mail        |       |       |   183 |     4 |       ||   187
         Plate armour      |       |       |       |   357 |    86 ||   443
  Dodge: Dodged            |    20 |    26 |    54 |    97 |    20 ||   217
  Block: Buckler           |     4 |       |       |       |       ||     4
         Tower shield      |    38 |   115 |   414 |   926 |   292 ||  1785
         Reflection        |       |       |     7 |    35 |    29 ||    71

Table legend: (Time is in decaauts)
 A = Elapsed time spent in this place.
 B = Non-inter-level travel time spent in this place.
 C = Inter-level travel time spent in this place.
 D = Time resting spent in this place.
 E = Time spent auto-exploring this place.
 F = Levels seen in this place.
 G = Mean time per level.
                   A        B        C        D        E       F      G
               +--------+--------+--------+--------+--------+-----+--------+
         Total |   8986 |   8124 |    862 |    214 |      0 |  16 |  561.6 |
       Dungeon |   8160 |   7371 |    789 |    169 |      0 |  12 |  680.0 |
        Temple |     25 |     18 |      7 |      0 |      0 |   1 |   25.0 |
  Orcish Mines |    586 |    520 |     66 |     45 |      0 |   2 |  293.0 |
       Ossuary |    213 |    213 |      0 |      0 |      0 |   1 |  213.0 |
               +--------+--------+--------+--------+--------+-----+--------+

Top non-repeatable levels by time:
     D:5: 915 daAuts
     D:9: 883 daAuts
    D:10: 818 daAuts
     D:3: 807 daAuts
     D:1: 764 daAuts
     D:6: 736 daAuts
     D:8: 687 daAuts
    D:11: 656 daAuts
     D:2: 595 daAuts
    D:12: 472 daAuts
   Orc:1: 448 daAuts
     D:4: 422 daAuts
     D:7: 402 daAuts
 Ossuary: 213 daAuts
   Orc:2: 138 daAuts
